 Dungeon Crawl Stone Soup version 0.30-a0-728-gc68057be0a (webtiles) character file.

Game seed: 7378730281852947887

0 omnomnOMINOUS the Shooter (level 1, 0/13 HPs)
             Began as an Octopode Wanderer on Jan 30, 2023.
             Slain by a ball python (3 damage)
             ... on level 1 of the Dungeon.
             The game lasted 00:01:16 (38 turns).

omnomnOMINOUS the Shooter (Octopode Wanderer)         Turns: 38, Time: 00:01:17

Health: 0/13       AC:  1    Str:  7    XL:     1   Next: 10%
Magic:  1/1        EV: 10    Int: 13    God:
Gold:   0          SH:  0    Dex: 16    Spells: 0/0 levels left

rFire   . . .      SeeInvis .    b - +0 short sword
rCold   . . .      Faith    .    (no shield)
rNeg    . . .      Spirit   .    c - +0 hat
rPois   .          Reflect  .    (no amulet)
rElec   .          Harm     .    (no ring)
rCorr   .          Rampage  .    (no ring)
Will    .....                    (no ring)
Stlth   ++                       (no ring)
HPRegen 0.22/turn                (no ring)
MPRegen 0.07/turn                (no ring)
                                 (no ring)
                                 (no ring)

@: constricted
A: almost no armour, amphibious, 8 rings, camouflage 1, gelatinous body 1,
(nimble swimmer 1), tentacles
a: no special abilities


You were on level 1 of the Dungeon.
You visited 1 branch of the dungeon, and saw 1 of its levels.

Inventory:

Hand Weapons
 a - a +2 sling
 b - a +0 short sword (weapon)
Armour
 c - a +0 hat (worn)
Potions
 d - a potion of haste


   Skills:
 + Level 1.0 Fighting
 - Level 2.0 Short Blades
 - Level 5.0 Ranged Weapons
 - Level 1.0 Throwing
 + Level 1.0 Dodging
 + Level 0.0 Spellcasting


You couldn't memorise any spells.
You didn't know any spells.
Your spell library contained the following spells:

 Spells                   Type           Power      Damage    Failure   Level
 Sandblast                Erth           0%         2d4       30%         1
 Passwall                 Tmut/Erth      0%         N/A       43%         2
 Stone Arrow              Conj/Erth      0%         3d7       67%         3


Dungeon Overview and Level Annotations

Branches:
Dungeon (1/15)

Altars:


Innate Abilities, Weirdness & Mutations

You cannot wear most types of armour.
You are amphibious.
You can wear up to eight rings at the same time.
Your skin changes colour to match your surroundings (Stealth+).
Your rubbery body absorbs attacks. (AC +1, EV +1)
((You are camouflaged when in or above water. (Stealth+)))
You have tentacles for arms and can constrict up to eight enemies at once.


Message History

The rat closely misses you.
Fire: a) +2 sling
Press: ? - help, Q - select action Shift-Dir - straight line, f/p - rat
Aim: a rat (severely wounded, 62% to hit)
You shoot a sling bullet.
The sling bullet closely misses the rat.
The rat barely misses you.
Fire: a) +2 sling
Press: ? - help, Q - select action Shift-Dir - straight line, f/p - rat
Aim: a rat (severely wounded, 62% to hit)
You shoot a sling bullet. The sling bullet hits the rat!
You kill the rat!
Fire: a) +2 sling
Press: ? - help, Q - select action Shift-Dir - straight line, f - ball python
Aim: a ball python (heavily wounded, 58% to hit)
You shoot a sling bullet.
The sling bullet closely misses the ball python.
The ball python barely misses you. x2; The ball python bites you.
The ball python grabs you. The ball python constricts you.
Unknown command.
You escape the ball python's grasp.
b - a +0 short sword (weapon)
You barely miss the ball python. Your grab misses the ball python.
The ball python is heavily wounded.
The ball python closely misses you. The ball python grabs you.
The ball python constricts you.
You closely miss the ball python. Your grab misses the ball python.
The ball python is heavily wounded.
The ball python bites you. The ball python constricts you.
* * * LOW HITPOINT WARNING * * *
You closely miss the ball python. You grab the ball python.
You squeeze the ball python.
The ball python is severely wounded.
You constrict the ball python, but do no damage.
The ball python barely misses you. The ball python constricts you.
You hit the ball python but do no damage.
The ball python is severely wounded.
You constrict the ball python, but do no damage.
The ball python bites you.
You die...

# ####.####
#.†......
#S# #@# #.#
#.# #.#
###.######.
##..........
#..#########
#.## #'#


You could see a ball python.

Vanquished Creatures
  A rat (D:1)
1 creature vanquished.

Notes
Turn   | Place    | Note
-------+----------+-------------------------------------------
     0 | D:1      | omnomnOMINOUS the Octopode Wanderer began the quest for the
                  | Orb.
     0 | D:1      | omnomnOMINOUS set off with the following items: a +2 sling,
                  | a +0 short sword, a +0 hat, a potion of haste.
     0 | D:1      | Reached XP level 1. HP: 13/13 MP: 1/1
    38 | D:1      | Slain by a ball python

Illustrated notes

Levels and vault maps discovered:
D:1:      mrwooster_arrival_arrow, layout_loops_corners, serial_shops, shop

Action                     || total
---------------------------++-------
  Melee: Short sword       ||     4
         Constrict         ||     1
         Tentacles         ||     1
   Fire: Sling             ||    13
 Armour: Skin              ||     1
  Dodge: Dodged            ||     8

Table legend: (Time is in decaauts)
 A = Elapsed time spent in this place.
 B = Non-inter-level travel time spent in this place.
 C = Inter-level travel time spent in this place.
 D = Time resting spent in this place.
 E = Time spent auto-exploring this place.
 F = Levels seen in this place.
 G = Mean time per level.
                   A        B        C        D        E       F      G
               +--------+--------+--------+--------+--------+-----+--------+
         Total |     39 |     39 |      0 |      0 |     18 |   1 |   39.0 |
       Dungeon |     39 |     39 |      0 |      0 |     18 |   1 |   39.0 |
               +--------+--------+--------+--------+--------+-----+--------+

Top non-repeatable levels by time:
     D:1: 39 daAuts
